 Seeded DCSS version 0.30-a0-374-g95c0257040 (webtiles) character file.

Game seed: 16224117804275112263 (custom seed)

4692 flotson the Trooper (level 10, -3/79 HPs)
             Began as a Demonspawn Delver on Nov 24, 2022.
             Was an Initiate of Gozag.
             Slain by a killer bee (4 damage)
             ... on level 8 of the Dungeon on Nov 25, 2022.
             The game lasted 00:11:31 (7466 turns).

flotson the Trooper (Demonspawn Delver)             Turns: 7466, Time: 00:11:33

Health: -3/79      AC: 16    Str: 16    XL:     10   Next: 21%
Magic:  19/19      EV: 13    Int: 12    God:    Gozag
Gold:   1590       SH:  0    Dex: 21    Spells: 9/9 levels left

rFire   . . .      SeeInvis +    a - +0 war axe (vorpal)
rCold   . . .      Faith    .    (no shield)
rNeg    + . .      Spirit   .    h - +5 scale mail of Mumblety Peg {rN+ MP+9 SInv}
rPois   .          Reflect  .    r - +0 helmet
rElec   .          Harm     .    (cloak unavailable)
rCorr   .          Rampage  .    (no gloves)
Will    +....                    K - +0 pair of boots
Stlth   ++........               (no amulet)
HPRegen 0.33/turn                i - ring of willpower
MPRegen 0.32/turn                u - +6 ring of dexterity

@: brilliant, lethally poisoned (-3 -> -18)
A: demonic guardian 1, magic regeneration, sharp scales 1, weakness stinger 3
a: Renounce Religion, Potion Petition, Call Merchant, Bribe Branch


You were on level 8 of the Dungeon.
You worshipped Gozag.
Gozag was most pleased with you.
You visited 1 branch of the dungeon, and saw 8 of its levels.
You also visited: Ossuary.

You collected 1630 gold pieces.
You paid 40 gold pieces to Gozag.

Inventory:

Hand Weapons
 a - a +0 vorpal war axe (weapon)
Missiles
 s - 17 poisoned darts (quivered)
 A - a boomerang
 B - 3 curare-tipped darts
Armour
 h - the +5 scale mail of Mumblety Peg (worn) {rN+ MP+9 SInv}
   (You found it on level 5 of the Dungeon)

   rN:        It protects you from negative energy.
   MP:        It affects your magic capacity (+9).
   SInv:      It lets you see invisible.
 r - a +0 helmet (worn)
 w - a +2 leather armour of fire resistance
 K - a +0 pair of boots (worn)
Jewellery
 i - a ring of willpower (left hand)
 u - a +6 ring of dexterity (right hand)
Wands
 d - a wand of flame (44)
 g - a wand of digging (7)
 z - a wand of charming (7)
Scrolls
 b - 2 scrolls of poison {unknown}
 c - a scroll of fog
 e - 2 scrolls of fear
 j - 10 scrolls of identify {unknown}
 l - 3 scrolls of silence {unknown}
 n - 3 scrolls of enchant weapon {unknown}
 p - 2 scrolls of vulnerability {unknown}
 x - 2 scrolls of teleportation {unknown}
 y - a scroll of brand weapon {unknown}
 C - a scroll of immolation {unknown}
 D - a scroll of magic mapping
 E - 2 scrolls of blinking {unknown}
 H - a scroll of enchant armour {unknown}
Potions
 f - a potion of haste
 k - 2 potions of brilliance
 m - 3 potions of curing {unknown}
 o - 3 potions of mutation {unknown}
 q - a potion of lignification {unknown}
 t - 2 potions of ambrosia {unknown}
 v - a potion of magic {unknown}
 F - a potion of cancellation {unknown}
 G - a potion of heal wounds {unknown}
 I - a potion of flight {unknown}
 J - a potion of invisibility {unknown}


   Skills:
 + Level 7.2 Fighting
 + Level 4.6(4.8) Axes
 - Level 1.7(3.4) Polearms
 + Level 4.5 Throwing
 + Level 5.8 Armour
 + Level 6.2 Dodging
 - Level 4.5 Stealth
 + Level 6.2 Evocations


You had 9 spell levels left.
You didn't know any spells.
Your spell library contained the following spells:

 Spells                   Type           Power      Damage    Failure   Level
 Foxfire                  Conj/Fire      0%         2x1d4     71%         1
 Blink                    Tloc           0%         N/A       85%         2
 Momentum Strike          Conj/Tloc      0%         3d8       85%         2
 Lesser Beckoning         Tloc           0%         N/A       97%         3
 Fireball                 Conj/Fire      0%         3d3       100%        5
 Starburst                Conj/Fire      0%         6d3       100%        6


Dungeon Overview and Level Annotations

Branches:
Dungeon (8/15)             Temple (0/1) D:7            Lair (0/5) D:8
Ossuary (visited)

Altars:
Cheibriados
Gozag
Kikubaaqudgha
Nemelex Xobeh
Qazlal
Yredelemnul

Shops:
D:4 (   D:8 =


Innate Abilities, Weirdness & Mutations

A weak demonic guardian rushes to your aid.
You regenerate magic rapidly.
You are partially covered in razor-sharp scales. (AC +1, Slay +1)
You have a sharp stinger which inflicts weakening toxins.


Message History

The killer bee is distracted by your dazzling golden aura.
You catch the helpless killer bee completely off-guard!
You hit the killer bee but do no damage.
The killer bee is no longer distracted by gold.
The killer bee is heavily wounded.
You feel very sick. The killer bee barely misses you.
The killer bee is distracted by your dazzling golden aura.
You miss the killer bee.
The killer bee is no longer distracted by gold.
The killer bee buzzes angrily.
Your tail-slap misses the killer bee.
The killer bee is heavily wounded.
You feel very sick. The killer bee closely misses you.
The killer bee stings you.
* * * LOW HITPOINT WARNING * * *
You are more poisoned.
The killer bee poisons you!
You hit the killer bee.
The killer bee is almost dead.
* * * LOW HITPOINT WARNING * * *
You feel very sick.
The killer bee stings you but does no damage. x3
Unknown command.
You completely miss the killer bee.
The killer bee is almost dead.
* * * LOW HITPOINT WARNING * * *
You feel very sick. The killer bee misses you. The killer bee stings you.
* * * LOW HITPOINT WARNING * * *
A demonic guardian appears!
You are more poisoned.
The killer bee poisons you!
It was a potion of brilliance.
You feel clever all of a sudden.
* * * LOW HITPOINT WARNING * * *
You feel very sick. The killer bee closely misses you.
The killer bee stings you.
You die...
Your body crumbles into a pile of gold.

#....#..' ### .#
#....#### ###.##$##
####..... #....... #.....
#...... #..... .....
#..... .4. #.....
#######$## ####.....
#...#.y@$#..####..#....#
#...'....#........#....#
#...#....#......<.#....+
######....########'#....#
#.....................###
#................>....#..
#.....................#..
#.....................#..
##########............##'


You could see a killer bee (ally target) and a friendly rust devil (summoned).

Vanquished Creatures
  A komodo dragon (D:8)
  A troll (D:7)
  3 water moccasins
  An ice beast (D:7)
  A black bear (D:7)
  3 sky beasts
  3 centaurs
  2 ogres (D:6)
  4 phantoms
  6 elf zombies (Ossuary)
  A kobold brigand (D:7)
  A bullfrog (D:6)
  4 necrophages
  3 scorpions
  A wight (D:6)
  10 killer bees
  3 howler monkeys
  3 centaur zombies (Ossuary)
  3 human zombies (Ossuary)
  2 jellies
  5 orc priests
  A gnoll bouda (D:6)
  4 hounds
  2 iguanas (D:6)
  Terence (D:2)
  10 orc wizards
  3 mummies (Ossuary)
  Robin (D:4)
  7 gnolls
  7 adders
  2 white imps
  3 ufetubi
  A worm (D:3)
  2 dart slugs
  32 orcs
  5 ball pythons
  4 endoplasms
  11 hobgoblins
  4 quokkas
  4 bats
  4 frilled lizards
  14 goblins
  10 kobolds
  2 rats
195 creatures vanquished.

Vanquished Creatures (others)
  3 plants (D:8)
3 creatures vanquished.

Grand Total: 198 creatures vanquished

Notes
Turn   | Place    | Note
-------+----------+-------------------------------------------
     0 | D:5      | flotson the Demonspawn Delver began the quest for the Orb.
     0 | D:5      | Reached XP level 1. HP: 18/18 MP: 1/1
    14 | D:5      | Gained mutation: You regenerate magic rapidly. [demonic
                  | ancestry]
    14 | D:5      | Reached XP level 2. HP: 24/24 MP: 2/2
    14 | D:5      | Identified the +5 scale mail of Mumblety Peg {rN+ MP+9
                  | SInv}
    71 | D:5      | Noticed a scorpion
   144 | D:4      | Found an opulent altar of Gozag.
   241 | D:4      | Reached skill level 1 in Armour
   241 | D:4      | Reached skill level 1 in Evocations
   241 | D:4      | Gained mutation: You have a small tail. [demonic ancestry]
   241 | D:4      | Reached XP level 3. HP: 15/29 MP: 3/3
   277 | D:4      | Gained mutation: You are partially covered in razor-sharp
                  | scales. (AC +1, Slay +1) [demonic ancestry]
   277 | D:4      | Reached XP level 4. HP: 26/35 MP: 4/4
   379 | D:4      | Reached XP level 5. HP: 32/42 MP: 5/5
   412 | D:4      | Reached skill level 4 in Fighting
   614 | D:4      | Found Simp's Antique Weapon Boutique.
   661 | D:4      | Became a worshipper of Gozag Ym Sagoz the Greedy
   723 | D:4      | Gained mutation: You have a tail ending in a sharp stinger.
                  | [demonic ancestry]
   723 | D:4      | Reached XP level 6. HP: 41/49 MP: 6/6
  1626 | D:2      | Noticed Terence
  1662 | D:2      | Killed Terence
  2203 | D:3      | Reached XP level 7. HP: 37/55 MP: 7/7
  3146 | D:4      | Noticed Robin
  3154 | D:4      | Reached skill level 5 in Fighting
  3154 | D:4      | Killed Robin
  3311 | D:4      | Found a sparkling altar of Nemelex Xobeh.
  3588 | D:5      | Reached skill level 1 in Axes
  3588 | D:5      | Reached skill level 1 in Throwing
  3649 | D:5      | Found a basalt altar of Yredelemnul.
  3683 | D:5      | Reached XP level 8. HP: 48/62 MP: 8/8
  4810 | D:6      | Found a snail-covered altar of Cheibriados.
  4860 | D:6      | Found an ancient bone altar of Kikubaaqudgha.
  5150 | D:6      | Reached skill level 6 in Fighting
  5150 | D:6      | Reached skill level 5 in Dodging
  5163 | D:6      | Reached skill level 5 in Evocations
  5163 | D:6      | Gained mutation: You have a sharp stinger which inflicts
                  | weakening toxins. [demonic ancestry]
  5163 | D:6      | Reached XP level 9. HP: 27/69 MP: 9/9
  5481 | D:7      | Found a stormy altar of Qazlal.
  5538 | D:7      | Reached skill level 5 in Armour
  5574 | D:7      | Found a sand-covered staircase.
  5581 | Ossuary  | Entered an ossuary
  5703 | Ossuary  | Upgraded the game from 0.30-a0-373-gd37427bb62 to
                  | 0.30-a0-374-g95c0257040
  6092 | D:7      | Found a staircase to the Ecumenical Temple.
  6623 | D:7      | Noticed a troll
  6640 | D:7      | Killed a troll
  6641 | D:7      | Reached skill level 7 in Fighting
  6641 | D:7      | Gained mutation: A weak demonic guardian rushes to your
                  | aid. [demonic ancestry]
  6641 | D:7      | Reached XP level 10. HP: 62/79 MP: 10/10
  7154 | D:8      | Found Qaal's Jewellery Emporium.
  7271 | D:8      | Found a staircase to the Lair.
  7466 | D:8      | HP: 1/79 [poisoned by a killer bee]
  7466 | D:8      | Slain by a killer bee

Illustrated notes

Levels and vault maps discovered:
D:1:      heliophobic_arrival_battle_scene, layout_loops_ring,
          hangedman_abyss_or_decor_stabs
D:2:      layout_basic, uniq_terence
D:3:      layout_basic, minmay_vboxes
D:4:      layout_rooms, nicolae_overflow_squiral, lemuel_doored_altar,
          serial_shops, nicolae_shop_overgrown_old_shop, uniq_robin
D:5:      layout_rooms, kennysheep_little_box, minmay_holes
D:6:      layout_loops_corners, nicolae_kikubaaqudgha_miasma_corner,
          mainiacjoe_overflow_catwalk, hangedman_minor_gate_pass
D:7:      layout_basic, grunt_qazlal_sundering, temple_fountains,
          chequers_ossuary_entry_cave
D:8:      layout_gridville, david_lair_shrubbed, serial_shops,
          nicolae_shop_overgrown_old_shop, shop_coins, shop, shop

Skill      XL: |  1  2  3  4  5  6  7  8  9 |
---------------+----------------------------+-----
Dodging        | 2 3 4 5 6 |  6.2
Armour         | 1 2 3 4 5 |  5.8
Evocations     | 1 2 3 4 5 6 |  6.2
Fighting       | 4 5 6 7 |  7.2
Axes           | 1 3 4 |  4.6
Throwing       | 1 2 4 |  4.5
Polearms       | |  1.7
Stealth        | |  4.5

Action                   |  1- 3 |  4- 6 |  7- 9 | 10-12 || total
-------------------------+-------+-------+-------+-------++-------
Melee: Spear             |    56 |       |       |       ||    56
       Punch             |     1 |     1 |     7 |       ||     9
       Tailslap          |     1 |    29 |    63 |     9 ||   102
       Dagger            |       |   122 |       |       ||   122
       Hand axe          |       |    63 |    29 |       ||    92
       War axe           |       |       |   407 |    51 ||   458
Throw: Dart              |       |     3 |     1 |       ||     4
  Use: Scroll            |       |       |     1 |       ||     1
       Potion            |       |       |       |     1 ||     1
 Stab: Sleeping          |     2 |     3 |     4 |     1 ||    10
       Distracted        |       |     1 |       |     2 ||     3
Armor: Scale mail        |    21 |    90 |   250 |    35 ||   396
       Leather armour    |     1 |       |       |       ||     1
Dodge: Dodged            |    15 |    78 |   306 |    56 ||   455

Table legend: (Time is in decaauts)
 A = Elapsed time spent in this place.
 B = Non-inter-level travel time spent in this place.
 C = Inter-level travel time spent in this place.
 D = Time resting spent in this place.
 E = Time spent auto-exploring this place.
 F = Levels seen in this place.
 G = Mean time per level.
                   A        B        C        D        E       F      G
               +--------+--------+--------+--------+--------+-----+--------+
         Total |   7646 |   7265 |    381 |      2 |   5539 |   9 |  849.6 |
       Dungeon |   7248 |   6867 |    381 |      2 |   5327 |   8 |  906.0 |
       Ossuary |    397 |    397 |      0 |      0 |    212 |   1 |  397.0 |
               +--------+--------+--------+--------+--------+-----+--------+

Top non-repeatable levels by time:
     D:6: 1607 daAuts
     D:7: 1266 daAuts
     D:3: 1043 daAuts
     D:4: 983 daAuts
     D:5: 657 daAuts
     D:2: 647 daAuts
     D:1: 642 daAuts
     D:8: 399 daAuts
 Ossuary: 397 daAuts
